 Dungeon Crawl Stone Soup version 0.27-a0-1290-g15d3ce7508 (webtiles) character file.

Game seed: 15271521444051501982

25 Glokmah the Insei (level 3, 0/23 HPs)
             Began as an Octopode Transmuter on June 15, 2021.
             Succumbed to a goblin's poison
             ... on level 2 of the Dungeon.
             The game lasted 00:03:03 (1741 turns).

Glokmah the Insei (Octopode Transmuter)             Turns: 1741, Time: 00:03:04

Health: 0/23       AC:  1    Str: 10    XL:     3   Next: 4%
Magic:  4/6        EV: 13    Int: 15    God:
Gold:   83         SH:  0    Dex: 12    Spells: 3/6 levels left

rFire    . . .     SeeInvis .     - Unarmed
rCold    . . .     Faith    .   (no shield)
rNeg     . . .     Spirit   .   (helmet currently unavailable)
rPois    .         Reflect  .   (no amulet)
rElec    .         Harm     .   (no ring)
rCorr    .         Rampage  .   (no ring)
Will     .....                  (no ring)
Stlth    ++........             (no ring)
HPRegen  0.07/turn              (no ring)
MPRegen  0.10/turn              (no ring)
                                (no ring)
                                (no ring)

@: lethally poisoned (0 -> -6), appendages (expiring), wereblooded
A: tentacle spike 3, almost no armour, amphibious, 8 rings, camouflage 1,
gelatinous body 1, (nimble swimmer 1), tentacles
a: End Transformation


You were on level 2 of the Dungeon.
One of your tentacles had grown a beastly spike.
You visited 1 branch of the dungeon, and saw 2 of its levels.

You collected 83 gold pieces.

Inventory:

Scrolls
 a - a scroll of blinking {unknown}
 b - a scroll of acquirement {unknown}
 c - a scroll of vulnerability {unknown}


   Skills:
 + Level 1.2 Fighting
 + Level 2.2 Dodging
 * Level 3.4 Unarmed Combat
 + Level 2.1 Spellcasting
 * Level 2.5 Transmutations


You had 3 spell levels left.
You knew the following spells:

 Your Spells              Type           Power      Damage    Failure   Level
a - Beastly Appendage     Tmut           18%        N/A       8%          1
b - Wereblood             Tmut           9%         N/A       12%         2

Your spell library contained the following spells:

 Spells                   Type           Power      Damage    Failure   Level
 Spider Form              Tmut/Pois      2%         N/A       36%         3
 Ice Form                 Ice/Tmut       5%         N/A       78%         4


Dungeon Overview and Level Annotations

Branches:
Dungeon (2/15)

Altars:


Innate Abilities, Weirdness & Mutations

One of your tentacles has grown a beastly spike.
You cannot wear most types of armour.
You are amphibious.
You can wear up to eight rings at the same time.
Your skin changes colour to match your surroundings (Stealth+).
Your rubbery body absorbs attacks. (AC +1, EV +1)
((You are camouflaged near water. (Stealth+)))
You have tentacles for arms and can constrict up to eight enemies at once.


Message History

There is a stone staircase leading up here.
Found a short jewelled staff.
You see here a staff of cold.
A goblin comes into view. It is wielding a +2 dagger of venom.
The goblin shouts!
Casting: Wereblood (safe; 12% risk of failure)
Confirm with . or Enter, or press ? or * to list all spells.
One of your tentacles grows a vicious spike.
Your transformation is almost over.
The goblin hits you with a +2 dagger of venom.
You are poisoned.
You completely miss the goblin. Your grab misses the goblin.
Your tentacle spike misses the goblin.
You feel very sick. The goblin hits you but does no damage.
You are lethally poisoned!
You tentacle-slap the goblin.
You kill the goblin!
You feel very sick.
You feel very sick.
You see here a +2 dagger of venom.
You aren't carrying any potions.
* * * LOW HITPOINT WARNING * * *
You feel very sick.
Okay, then.
You aren't carrying any potions.
Casting: Beastly Appendage (safe; 8% risk of failure)
Confirm with . or Enter, or press ? or * to list all spells.
Your blood is infused with primal strength.
* * * LOW HITPOINT WARNING * * *
You feel very sick.
This spell is extremely dangerous to cast!
Memorise Spider Form, consuming 3 spell levels and leaving 0?
Your memorisation is interrupted.
* * * LOW HITPOINT WARNING * * *
You feel sick.
You aren't carrying any potions.
* * * LOW HITPOINT WARNING * * *
You feel sick.
You die...

#.# #.# #.# #
#.# #.#.# ##
#.# #.#.#....
#.# .....#
#.# #†##.#
#.# #.##.##
#|# .......
.##########.#
..##.#
.......)@...#
###
#############
# # ####.


There were no monsters in sight!

Vanquished Creatures
  A dart slug (D:1)
  2 endoplasms (D:1)
  A giant cockroach (D:2)
  5 goblins
  A hobgoblin (D:1)
  2 jackals (D:2)
  A quokka (D:1)
  3 bats
  2 frilled lizards
  A kobold (D:2)
  3 rats
22 creatures vanquished.

Notes
Turn   | Place    | Note
-------+----------+-------------------------------------------
     0 | D:1      | Glokmah the Octopode Transmuter began the quest for the
                  | Orb.
     0 | D:1      | Reached XP level 1. HP: 13/13 MP: 3/3
   312 | D:1      | Reached XP level 2. HP: 18/18 MP: 3/5
   315 | D:1      | Learned a level 2 spell: Wereblood
  1272 | D:2      | Found a faded altar of an unknown god.
  1469 | D:2      | Reached XP level 3. HP: 23/23 MP: 2/6
  1740 | D:2      | HP: 1/23 [poisoned by a goblin]
  1741 | D:2      | Succumbed to a goblin's poison

Illustrated notes

Levels and vault maps discovered:
D:1:      lightli_arrival_boilingwater, layout_basic
D:2:      layout_loops_ring, ebering_ecumenical_altar_sacrificial

Action                   || total
-------------------------++-------
Melee: Unarmed           ||    41
       Constrict         ||    12
       Kick              ||     8
       Tentacles         ||     8
       Punch             ||     1
 Cast: Beastly Appendage ||    14
       Wereblood         ||     2
 Stab: Sleeping          ||     5
Armor: Skin              ||     4
Dodge: Dodged            ||    19

Table legend: (Time is in decaauts)
 A = Elapsed time spent in this place.
 B = Non-inter-level travel time spent in this place.
 C = Inter-level travel time spent in this place.
 D = Time resting spent in this place.
 E = Time spent auto-exploring this place.
 F = Levels seen in this place.
 G = Mean time per level.
                   A        B        C        D        E       F      G
               +--------+--------+--------+--------+--------+-----+--------+
         Total |   1740 |   1683 |     57 |    117 |   1382 |   2 |  870.0 |
       Dungeon |   1740 |   1683 |     57 |    117 |   1382 |   2 |  870.0 |
               +--------+--------+--------+--------+--------+-----+--------+

Top non-repeatable levels by time:
     D:1: 1109 daAuts
     D:2: 631 daAuts
